 Dungeon Crawl Stone Soup version 0.23.2-30-g0e89c35649 (webtiles) character file.

Game seed: 4173027886744739268

2971 senseless the Grappler (level 9, -7/84 HPs)
             Began as a Troll Monk on June 12, 2019.
             Mangled by a white ugly thing (16 damage)
             ... on level 7 of the Dungeon.
             The game lasted 00:21:30 (5109 turns).

senseless the Grappler (Troll Monk)                 Turns: 5109, Time: 00:21:30

Health: -7/84      AC:  7    Str: 21    XL:     9   Next: 53%
Magic:  8/8        EV: 13    Int:  6    God:
Gold:   409        SH:  0    Dex: 15    Spells: 8/8 levels left

rFire    . . .     SeeInvis .     - Unarmed
rCold    + . .     Gourm    +   (no shield)
rNeg     . . .     Faith    .   a - +0 robe
rPois    .         Spirit   .   (helmet restricted)
rElec    .         Reflect  .   q - +0 cloak {+Inv}
rCorr    .         Harm     .   (gloves unavailable)
MR       .....                  (boots unavailable)
Stlth    ++........             h - amulet of rage
HPRegen  0.64/turn              v - ring of protection from cold
MPRegen  0.11/turn              (no ring)

@: lethally poisoned (-7 -> -7)
A: large, unfitting armour, claws 3, fast metabolism 3, gourmand, regeneration
1, shaggy fur 1, tough skin 3
a: Evoke Berserk Rage, Evoke Invisibility


You were on level 7 of the Dungeon.
You were very full.

You visited 2 branches of the dungeon, and saw 8 of its levels.

You collected 409 gold pieces.

Inventory:

Hand Weapons
 k - a +1 flail of protection
 l - a +4 quarterstaff of chaos
 r - a +0 giant spiked club
 t - a +2 shortbow of velocity
Missiles
 u - 73 arrows
Armour
 a - a +0 robe (worn)
 q - a +0 cloak of invisibility (worn)
Jewellery
 h - an amulet of rage (around neck)
 v - a ring of protection from cold (left claw)
Wands
 d - a wand of digging (1)
 w - a wand of polymorph (5)
 x - a wand of random effects (26)
Scrolls
 c - 6 scrolls of remove curse
 e - 4 scrolls of teleportation
 f - a scroll of blinking
 i - a scroll of identify
Potions
 g - 2 potions of flight
 j - 2 potions of might
 m - 2 potions of haste
 n - 3 potions of lignification
 o - a potion of heal wounds
 p - a potion of cancellation
 s - a potion of curing
Comestibles
 b - 12 rations
 z - 8 chunks of flesh


   Skills:
 + Level 4.0 Fighting
 + Level 5.4 Dodging
 + Level 2.5 Stealth
 + Level 10.8 Unarmed Combat
 + Level 0.5 Evocations


You had 8 spell levels left.
You didn't know any spells.
Your spell library was empty.

Dungeon Overview and Level Annotations

Branches:
Dungeon (7/15)             Temple (1/1) D:5

Altars:
Ashenzari
Dithmenos
Fedhas
Gozag
Hepliaklqana
Kikubaaqudgha
Makhleb
Nemelex Xobeh
Okawaru
Qazlal
Sif Muna
Vehumet
Wu Jian
Xom
Zin
The Shining One

Shops:
D:6 (


Innate Abilities, Weirdness & Mutations

You are too large for most types of armour.
You have claws for hands.
Your metabolism is lightning-fast.
You like to eat raw meat.
Your natural rate of healing is unusually fast.
You are covered in fur. (AC +1)
You have extremely tough skin. (AC +3)


Message History

You claw the bullfrog!
The bullfrog is almost dead.
The bullfrog hits you.
* * * LOW HITPOINT WARNING * * *
You scratch the bullfrog. You claw the bullfrog.
You kill the bullfrog!
You feel sick.
You mangle the scorpion!!
You kill the scorpion!
You feel much better.
You barely miss the white ugly thing. The white ugly thing punches you!
The white ugly thing freezes you! You resist.
* * * LOW HITPOINT WARNING * * *
You are too injured to fight recklessly!
You claw the white ugly thing!
The white ugly thing is moderately wounded.
You feel sick. The white ugly thing punches you!
* * * LOW HITPOINT WARNING * * *
The white ugly thing freezes you! You resist.
You die...

#######.## #....####..#.
#......## #......####).
#######.## #).......###.
## ##.###............
#..## ##.##........###.
##.#### ##.#......###...
##=.#######.....###.....
##.[.%######..###......#
#[u@....### .....##
##|.).####### ...##
##..###### .## ##.####
#..## ##


You could see a white ugly thing.

Vanquished Creatures
  A troll (D:7)
  Grinder (D:5)
  A hippogriff (D:7)
  A yak (D:7)
  A hungry ghost (D:7)
  Edmund (D:5)
  An ice beast (D:5)
  An orc warrior (D:7)
  A sky beast (D:5)
  A phantom (D:4)
  2 centaurs
  An ogre (D:7)
  Blork the orc (D:5)
  3 bullfrogs
  A scorpion (D:7)
  3 wights
  A howler monkey (D:7)
  An orc priest (D:7)
  A bullfrog zombie (D:6)
  Crazy Yiuf (D:5)
  2 centaur skeletons (D:6)
  5 hounds
  2 jellies
  8 orc wizards
  4 worker ants
  4 gnolls (D:3)
  3 adders
  2 shadow imps
  2 oozes (D:6)
  4 worms
  3 leopard geckos
  33 orcs
  2 giant cockroaches
  11 goblins
  7 hobgoblins
  8 jackals
  6 kobolds
  A quokka (D:2)
  6 bats
  2 jackal skeletons (D:4)
  A quokka skeleton (D:7)
  6 rats
  A plant (D:3)
148 creatures vanquished.

Vanquished Creatures (others)
  4 plants (D:3)
4 creatures vanquished.

Grand Total: 152 creatures vanquished

Notes
Turn   | Place    | Note
-------+----------+-------------------------------------------
     0 | D:1      | senseless the Troll Monk began the quest for the Orb.
     0 | D:1      | Reached XP level 1. HP: 22/22 MP: 0/0
    72 | D:1      | Reached XP level 2. HP: 29/29 MP: 1/1
   469 | D:2      | Found an iron altar of Okawaru.
   719 | D:2      | Reached XP level 3. HP: 34/36 MP: 2/2
  1094 | D:2      | Found a faded altar of an unknown god.
  1311 | D:3      | Reached XP level 4. HP: 44/44 MP: 3/3
  1490 | D:3      | Reached skill level 4 in Unarmed Combat
  1623 | D:3      | Reached XP level 5. HP: 53/53 MP: 4/4
  1976 | D:3      | Found a deep blue altar of Sif Muna.
  2319 | D:4      | Noticed a phantom
  2360 | D:4      | Killed a phantom
  2360 | D:4      | Reached skill level 5 in Unarmed Combat
  2378 | D:4      | Reached XP level 6. HP: 58/61 MP: 5/5
  2942 | D:4      | Reached skill level 6 in Unarmed Combat
  3058 | D:5      | Entered Level 5 of the Dungeon
  3060 | D:5      | Noticed an ice beast
  3067 | D:5      | Killed an ice beast
  3070 | D:5      | Reached XP level 7. HP: 40/67 MP: 6/6
  3161 | D:5      | Noticed Blork the orc
  3166 | D:5      | Noticed Edmund
  3285 | D:5      | Killed Blork the orc
  3285 | D:5      | Reached skill level 7 in Unarmed Combat
  3477 | D:5      | Found a staircase to the Ecumenical Temple.
  3482 | Temple   | Entered the Ecumenical Temple
  3617 | D:5      | Killed Edmund
  3709 | D:5      | Found a runed translucent door.
  3710 | D:5      | Noticed Crazy Yiuf
  3716 | D:5      | Killed Crazy Yiuf
  3716 | D:5      | Reached XP level 8. HP: 75/75 MP: 7/7
  3803 | D:5      | Found a hazy altar of Hepliaklqana.
  3804 | D:5      | Noticed Grinder
  3815 | D:5      | Killed Grinder
  3815 | D:5      | Reached skill level 8 in Unarmed Combat
  4047 | D:6      | Found a sparkling altar of Nemelex Xobeh.
  4118 | D:6      | Found Esetia's Weapon Shoppe.
  4360 | D:6      | Reached skill level 9 in Unarmed Combat
  4451 | D:7      | Found a stormy altar of Qazlal.
  4594 | D:7      | Noticed a hippogriff
  4601 | D:7      | Killed a hippogriff
  4601 | D:7      | Reached skill level 5 in Dodging
  4799 | D:7      | Reached XP level 9. HP: 84/84 MP: 8/8
  4837 | D:7      | Found a glowing golden altar of the Shining One.
  4999 | D:7      | Reached skill level 10 in Unarmed Combat
  5076 | D:7      | Noticed a troll
  5078 | D:7      | Noticed a white ugly thing
  5087 | D:7      | Killed a troll
  5109 | D:7      | Mangled by a white ugly thing

Skill      XL: |  1  2  3  4  5  6  7  8  9 |
---------------+----------------------------+-----
Dodging        | 3 4 5 |  5.4
Unarmed Combat | 4 5 6 7 9 10 | 10.8
Fighting       | 3 4 |  4.0
Stealth        | 2 |  2.5
Evocations     | |  0.5

Action                   |  1- 3 |  4- 6 |  7- 9 || total
-------------------------+-------+-------+-------++-------
Melee: Unarmed           |   114 |   153 |   239 ||   506
       Punch             |     3 |     2 |    12 ||    17
 Abil: Evoke Berserk Rag |       |       |     1 ||     1
  Use: Scroll            |       |    11 |     5 ||    16
       Potion            |       |       |     2 ||     2
 Stab: Sleeping          |     1 |     1 |     1 ||     3
  Eat: Chunk             |    16 |    18 |    26 ||    60
Armor: Robe              |    34 |    30 |    62 ||   126
Dodge: Dodged            |    58 |    51 |   108 ||   217
